 Dungeon Crawl Stone Soup version 0.21-a0-401-g0b6bec4 (webtiles) character file.

265 lauthentik the Sneak (level 5, 0/36 HPs)
             Began as a Vampire Enchanter on Oct 25, 2017.
             Slain by a mummy (10 damage)
             ... in an ossuary.
             The game lasted 00:13:16 (2794 turns).

lauthentik the Sneak (Vampire Enchanter)            Turns: 2794, Time: 00:13:17

Health: 0/36       AC:  6    Str:  7    XL:     5   Next: 99%
Magic:  1/8        EV: 13    Int: 19    God:
Gold:   165        SH:  0    Dex: 14    Spells: 3/9 levels left

rFire    . . .     SeeInvis +   a - +1 dagger
rCold    + + .     Gourm    .   (no shield)
rNeg     + + +     Faith    +   t - +0 robe
rPois    ∞         Spirit   .   (no helmet)
rElec    .         Reflect  .   p - +2 cloak
rCorr    .         Harm     .   v - +0 pair of gloves
MR       .....                  (no boots)
Stlth    ++++++....             k - amulet of faith
HPRegen  0.00/turn              r - ring of wizardry
MPRegen  0.11/turn              (no ring)

@: bloodless, non-regenerating
A: fangs 3, see invisible, unbreathing
a: Bat Form


You were in an ossuary.
You were bloodless.

You visited 1 branch of the dungeon, and saw 4 of its levels.
You also visited: Ossuary.

You collected 165 gold pieces.

Inventory:

Hand Weapons
 a - a +1 dagger (weapon)
 x - a +0 blowgun
Missiles
 i - 41 poisoned needles
Armour
 b - a +0 robe
 p - a +2 cloak (worn)
 t - a +0 robe (worn)
 v - a +0 pair of gloves (worn)
Jewellery
 k - an amulet of faith (around neck)
 r - a ring of wizardry (left hand)
Scrolls
 e - 6 scrolls of identify {unknown}
 f - a scroll of fog {unknown}
 g - 6 scrolls of teleportation {unknown}
 h - a scroll of random uselessness {unknown}
 j - 2 scrolls of enchant armour {unknown}
 m - 2 scrolls of remove curse {unknown}
 n - a scroll of magic mapping {unknown}
 o - a scroll of fear {unknown}
 u - a scroll of enchant weapon {unknown}
Potions
 d - 17 potions of blood
 l - a potion of haste {unknown}
 q - a potion of ambrosia {unknown}
 s - a potion of degeneration {unknown}
 w - a potion of brilliance {unknown}
 z - a potion of flight {unknown}
Books
 c - a book of Maledictions

   Spells                             Type                      Level
   a - Corona                         Hexes                        1
   b - Ensorcelled Hibernation        Hexes/Ice                    2
   c - Confuse                        Hexes                        3
   d - Tukima's Dance                 Hexes                        3
   e - Dazzling Spray                 Conjuration/Hexes            3


   Skills:
 + Level 0.7 Fighting
 + Level 2.4 Short Blades
 + Level 3.1 Dodging
 + Level 7.2 Stealth
 + Level 2.6 Spellcasting
 + Level 5.3 Hexes
 + Level 1.7 Ice Magic


You had 3 spell levels left.
You knew the following spells:

 Your Spells              Type           Power        Failure   Level  Hunger
a - Ensorcelled Hibernat  Hex/Ice        ###...       2%          2    ##.....
b - Corona                Hex            ###....      1%          1    #......
c - Confuse               Hex            ###.....     2%          3    ###....


Dungeon Overview and Level Annotations

Branches:
Dungeon (4/15)
 Temple: D:4-7

Altars:
Fedhas
Makhleb


Innate Abilities, Weirdness & Mutations

You do not heal naturally.
You are immune to poison.
You have razor-sharp teeth.
You have supernaturally acute eyesight. (SInv)
You can survive without breathing.


Message History

The bog mummy is severely damaged.
The bullfrog zombie hits you but does no damage.
The bog mummy closely misses you.
A hound zombie comes into view.
You hit the bog mummy.
You bite the bog mummy, but do no damage.
The bog mummy is severely damaged.
You barely miss the bog mummy.
The bog mummy is severely damaged.
The bog mummy barely misses you.
You barely miss the bog mummy.
The bog mummy is severely damaged.
You hit the bog mummy.
The bog mummy is almost destroyed.
The bog mummy hits you.
* * * LOW HITPOINT WARNING * * *
You hit the bog mummy but do no damage.
The bog mummy is almost destroyed.
The mummy hits you!
You die...

≈≈P ≈
+≈≈##≈##
#...≈#≈≈#
#.≈#≈≈≈≈≈
'≈.P≈≈≈#
#####.≈≈≈≈≈#
#∩..#Z.P≈#
#.∩@MZ#≈#
#..M#Z.P#
#####≈≈#≈#
.≈≈P≈≈≈
≈≈≈#### #
≈P#P# ≈#≈#≈≈
≈##≈#≈# ## #
≈≈≈


You could see a mummy, a bog mummy, a hound zombie, a bullfrog zombie and a
howler monkey zombie.

Vanquished Creatures
  A scorpion (D:4)
  Jessica (D:2)
  An iguana (D:4)
  A worker ant (D:4)
  A hound zombie (Ossuary)
  5 adders
  A worm (D:3)
  A dart slug (D:1)
  4 leopard geckos (D:2)
  An orc (D:3)
  2 ball pythons
  9 bats
  4 giant cockroaches
  11 goblins
  5 hobgoblins
  4 jackals
  3 quokkas
  10 frilled lizards
  6 kobolds
  10 rats
81 creatures vanquished.

Vanquished Creatures (others)
  A withered plant (Ossuary)
1 creature vanquished.

Grand Total: 82 creatures vanquished

Notes
Turn   | Place    | Note
-------+----------+-------------------------------------------
     0 | D:1      | lauthentik the Vampire Enchanter began the quest for the Orb.
     0 | D:1      | Reached XP level 1. HP: 13/13 MP: 3/3
   137 | D:1      | Reached XP level 2. HP: 10/19 MP: 5/5
   181 | D:1      | Learned a level 2 spell: Ensorcelled Hibernation
   316 | D:1      | Reached skill level 5 in Stealth
   678 | D:1      | Reached XP level 3. HP: 24/24 MP: 6/6
  1216 | D:2      | Noticed Jessica
  1260 | D:2      | Reached XP level 4. HP: 10/30 MP: 1/7
  1469 | D:2      | Killed Jessica
  1469 | D:2      | Reached skill level 6 in Stealth
  1469 | D:2      | Reached skill level 5 in Hexes
  1548 | D:2      | Found a blossoming altar of Fedhas.
  1611 | D:2      | Reached skill level 1 in Ice Magic
  2041 | D:3      | Reached XP level 5. HP: 34/35 MP: 4/8
  2082 | D:3      | Learned a level 3 spell: Confuse
  2233 | D:3      | Found a burning altar of Makhleb.
  2698 | D:4      | Reached skill level 7 in Stealth
  2726 | D:4      | Found a sand-covered staircase.
  2731 | Ossuary  | Entered an ossuary
  2794 | Ossuary  | Slain by a mummy

Vault maps used:
D:1:      arrival_zaba_pyramid, minmay_octomino_j4
D:2:      minmay_misc_feat_nine_boxes, minmay_misc_feat_x,
          fedhas_altar_fruit_tree, uniq_jessica
D:3:      old_standard_altar, first_bread
D:4:      grunt_temple_overflow_open, nicolae_ossuary_entry_false_entrances
Ossuary:  ossuary_zaba_flooded

Skill      XL: |  1  2  3  4  5 |
---------------+----------------+-----
Stealth        | 5 6 7 |  7.2
Hexes          | 5 |  5.3
Short Blades   | 2 |  2.4
Dodging        | 3 |  3.1
Ice Magic      | 1 |  1.7
Fighting       | |  0.7
Spellcasting   | |  2.6

Action                   |  1- 3 |  4- 6 || total
-------------------------+-------+-------++-------
Melee: Dagger            |   115 |   121 ||   236
       Bite              |     6 |     7 ||    13
 Cast: Corona            |     5 |       ||     5
       Ensorcelled Hiber |    21 |    30 ||    51
       Confuse           |       |     4 ||     4
  Use: Potion            |     1 |     2 ||     3
 Stab: Sleeping          |    23 |    31 ||    54
Armor: Robe              |    32 |    27 ||    59
Dodge: Dodged            |    85 |    52 ||   137

Table legend:
 A = Spawn XP
 B = Non-spawn XP
 C = Spawn XP percentage of total XP
 D = Spawn monster count
 E = Non-spawn monster count
 F = Spawn count percentage of total count
 G = Total turns spent on level
                    A         B        C        D         E        F      G
               +---------+---------+-------+---------+---------+-------+---------
         Total |       0 |     379 |   0.0 |       0 |      81 |   0.0 |  2794
               +---------+---------+-------+---------+---------+-------+---------
           D:1 |       0 |      42 |   0.0 |       0 |      27 |   0.0 |   924
           D:2 |       0 |     121 |   0.0 |       0 |      27 |   0.0 |  1012
           D:3 |       0 |      50 |   0.0 |       0 |      22 |   0.0 |   622
           D:4 |       0 |     152 |   0.0 |       0 |       4 |   0.0 |   173
       Ossuary |       0 |      14 |   0.0 |       0 |       1 |   0.0 |    63
               +---------+---------+-------+---------+---------+-------+---------
